 Dungeon Crawl Stone Soup version 0.28-a0-1128-gb845255321 (webtiles) character file.

Game seed: 9475270675549646704

1836 Essalna the Firebug (level 8, -9/52 HPs)
             Began as a Demonspawn Fire Elementalist on Dec 12, 2021.
             Was a Follower of Vehumet.
             Mangled by a seven-headed hydra (14 damage)
             ... on level 6 of the Dungeon.
             The game lasted 00:14:28 (7721 turns).

Essalna the Firebug (Demonspawn Fire Elementalist)  Turns: 7721, Time: 00:14:28

Health: -9/52      AC:  3    Str:  9    XL:     8   Next: 87%
Magic:  7/17       EV: 12    Int: 19    God:    Vehumet [*.....]
Gold:   271        SH:  0    Dex: 13    Spells: 12/19 levels left

rFire   + + .      SeeInvis .   j - staff of fire
rCold   . . .      Faith    .   (no shield)
rNeg    . . .      Spirit   .   a - +1 robe
rPois   .          Reflect  .   (helmet restricted)
rElec   .          Harm     .   (no cloak)
rCorr   .          Rampage  .   (no gloves)
Will    .....                   (no boots)
Stlth   ++........              (no amulet)
HPRegen 0.17/turn               m - ring of protection from cold
MPRegen 0.15/turn               t - ring of fire

@: no status effects
A: horns 2, demonic magic 2
a: Renounce Religion


You were on level 6 of the Dungeon.
You worshipped Vehumet.
Vehumet was aware of your devotion.
You visited 2 branches of the dungeon, and saw 8 of its levels.

You collected 271 gold pieces.

Inventory:

Hand Weapons
 k - a +0 dagger
 y - a +7 vampiric dagger
Armour
 a - a +1 robe (worn)
Magical Staves
 j - a staff of fire (weapon)
 n - a staff of cold
Jewellery
 m - a ring of protection from cold (left hand)
 t - a ring of fire (right hand)
 u - a ring of resist corrosion
 z - a ring of see invisible
Wands
 p - a wand of charming (12)
 x - a wand of flame (13)
Scrolls
 c - a scroll of identify
 e - a scroll of fog
 g - 6 scrolls of teleportation
 r - a scroll of torment
Potions
 b - a potion of resistance
 d - a potion of brilliance {unknown}
 f - a potion of berserk rage {unknown}
 h - 2 potions of curing {unknown}
 i - 3 potions of flight {unknown}
 l - a potion of might {unknown}
 o - 2 potions of haste
 s - a potion of heal wounds {unknown}


   Skills:
 - Level 1.7 Dodging
 - Level 1.7 Stealth
 + Level 6.4 Spellcasting
 + Level 6.6 Conjurations
 + Level 6.6 Fire Magic


You had 12 spell levels left.
You knew the following spells:

 Your Spells              Type           Power      Damage    Failure   Level
a - Foxfire               Conj/Fire      100%       2x1d9     1%          1
b - Scorch                Fire           100%       2d10      1%          2
c - Flame Wave            Conj/Fire      63%        2d10      7%          4

Your spell library contained the following spells:

 Spells                   Type           Power      Damage    Failure   Level
 Magic Dart               Conj           100%       1d8       1%          1
 Conjure Flame            Conj/Fire      63%        6-21      2%          3
 Inner Flame              Hex/Fire       42%        N/A       9%          3
 Blink                    Tloc           12%        N/A       16%         2
 Lesser Beckoning         Tloc           6%         N/A       32%         3
 Manifold Assault         Tloc           6%         N/A       96%         5


Dungeon Overview and Level Annotations

Branches:
Dungeon (7/15)             Temple (1/1) D:5

Altars:
Dithmenos
Elyvilon
Hepliaklqana
Makhleb
Nemelex Xobeh
Okawaru
Qazlal
Ru
Sif Muna
Vehumet
Wu Jian

Shops:
D:5 *


Innate Abilities, Weirdness & Mutations

You have a pair of horns on your head.
Spells you cast may paralyse nearby enemies.


Message History

The seven-headed hydra is heavily wounded.
Casting: Scorch (safe; 1% risk of failure)
Confirm with . or Enter, or press ? or * to list all spells.
You feel a strong surge of power!
Flames lash the seven-headed hydra.
The seven-headed hydra is burned terribly!
The seven-headed hydra is heavily wounded.
Malevolent energies surge around you.
Casting: Scorch (safe; 1% risk of failure)
Confirm with . or Enter, or press ? or * to list all spells.
You feel a strong surge of power!
Flames lash the seven-headed hydra.
The seven-headed hydra is burned terribly!
The seven-headed hydra is severely wounded.
Malevolent energies surge around you.
The seven-headed hydra closely misses you.
The seven-headed hydra bites you.
The seven-headed hydra barely misses you.
The seven-headed hydra bites you.
The seven-headed hydra completely misses you.
The seven-headed hydra bites you. The seven-headed hydra bites you!
Casting: Scorch (safe; 1% risk of failure)
Confirm with . or Enter, or press ? or * to list all spells.
You feel a strong surge of power!
Flames lash the seven-headed hydra.
The seven-headed hydra is burned terribly!
The seven-headed hydra is severely wounded.
Malevolent energies surge around you. The seven-headed hydra bites you.
The seven-headed hydra closely misses you.
The seven-headed hydra bites you! x2
* * * LOW HITPOINT WARNING * * *
The seven-headed hydra closely misses you. x2
The seven-headed hydra bites you!
* * * LOW HITPOINT WARNING * * *
Casting: Scorch (safe; 1% risk of failure)
Confirm with . or Enter, or press ? or * to list all spells.
You feel a strong surge of power!
Flames lash the seven-headed hydra.
The seven-headed hydra is burned terribly!
The seven-headed hydra is almost dead.
Malevolent energies surge around you.
The seven-headed hydra bites you but does no damage.
The seven-headed hydra bites you!
You die...

*,,,,,,,,,,,,,,,,,,,**,
****,*****,,,,,,,,,,**,
*,* *,,,,,**,,,**,
*,*****,,,,,*******,
*,,,,,,,,,,,,,,,,,,,
********************
##### #@..# #####
#.D.## #.... #....#
#.###
#....#########.###
#....#.#.#.#.#.#.#
#.....#.#.#.#.#.#.
#....#.#.#.#(#.#.#
#.....#.#[#.#.#.#.
#....#.#.#.#.#.#.#


You could see a seven-headed hydra (combustible).

Vanquished Creatures
  A steam dragon (D:7)
  Edmund (D:5)
  An ice beast (D:7)
  A hornet zombie (D:7)
  2 ogres (D:6)
  2 necrophages
  A centaur (D:5)
  A phantom (D:5)
  A kobold brigand (D:4)
  A bullfrog (D:7)
  A scorpion (D:6)
  A water moccasin zombie (D:5)
  3 killer bees (D:7)
  2 hounds
  2 jellies
  2 gnoll shamans
  Ijyb (D:5)
  Terence (D:2)
  An orc wizard (D:2)
  4 hound skeletons
  8 gnolls
  3 adders
  A white imp (D:6)
  2 ufetubi
  2 worms (D:3)
  4 dart slugs
  11 orcs
  5 endoplasms
  3 giant cockroaches
  4 goblins
  11 hobgoblins
  4 jackals (D:1)
  5 quokkas
  7 ball pythons
  4 bats
  3 frilled lizards
  9 kobolds
  7 rats
123 creatures vanquished.

Vanquished Creatures (collateral kills)
  11 foxfires
11 creatures vanquished.

Vanquished Creatures (others)
  527 foxfires
  54 plants (D:2)
581 creatures vanquished.

Grand Total: 715 creatures vanquished

Notes
Turn   | Place    | Note
-------+----------+-------------------------------------------
     0 | D:1      | Essalna the Demonspawn Fire Elementalist began the quest
                  | for the Orb.
     0 | D:1      | Reached XP level 1. HP: 13/13 MP: 3/3
   409 | D:1      | Gained mutation: Spells you cast may paralyse adjacent
                  | enemies. [demonic ancestry]
   409 | D:1      | Reached XP level 2. HP: 19/19 MP: 0/5
  1367 | D:1      | Found a faded altar of an unknown god.
  1591 | D:2      | Reached XP level 3. HP: 23/24 MP: 3/6
  1623 | D:2      | Learned a level 2 spell: Scorch
  1915 | D:2      | Noticed Terence
  1964 | D:2      | Killed Terence
  2148 | D:2      | Reached XP level 4. HP: 26/30 MP: 4/8
  3314 | D:3      | Gained mutation: You have a pair of small horns on your
                  | head. [demonic ancestry]
  3314 | D:3      | Reached XP level 5. HP: 35/35 MP: 2/9
  3991 | D:3      | Learned a level 4 spell: Flame Wave
  4805 | D:4      | Reached XP level 6. HP: 32/41 MP: 3/11
  5499 | D:3      | Found a shimmering blue altar of Sif Muna.
  5539 | D:5      | Entered Level 5 of the Dungeon
  5549 | D:5      | Found a staircase to the Ecumenical Temple.
  5576 | D:5      | Noticed Ijyb
  5586 | D:5      | Killed Ijyb
  5609 | Temple   | Entered the Ecumenical Temple
  5669 | Temple   | Became a worshipper of Vehumet
  5944 | D:5      | Noticed Edmund
  6006 | D:5      | Killed Edmund
  6007 | D:5      | Gained mutation: Spells you cast may paralyse nearby
                  | enemies. [demonic ancestry]
  6007 | D:5      | Reached XP level 7. HP: 28/46 MP: 1/13
  6298 | D:5      | Reached skill level 5 in Fire Magic
  6676 | D:5      | Reached skill level 5 in Spellcasting
  6744 | D:5      | Found Goin Dai's General Store.
  6765 | D:5      | Reached skill level 5 in Conjurations
  6924 | D:6      | Gained mutation: You have a pair of horns on your head.
                  | [demonic ancestry]
  6924 | D:6      | Reached XP level 8. HP: 20/52 MP: 1/16
  7043 | D:6      | Noticed a seven-headed hydra
  7426 | D:7      | Reached * piety under Vehumet
  7426 | D:7      | Offered knowledge of Magic Dart by Vehumet.
  7721 | D:6      | Mangled by a seven-headed hydra

Illustrated notes

Levels and vault maps discovered:
D:1:      wander_arrival_estate, layout_basic, ebering_ecumenical_altar_mist
D:2:      layout_loops_ring, serial_bayou, serial_bayou_pond_b,
          serial_bayou_crossing, serial_bayou_lake_a, serial_bayou_pond_c,
          serial_bayou_pond_a, serial_bayou_pond_a,
          hangedman_decor_diamond_cutter, uniq_terence
D:3:      layout_basic, nicolae_overflow_hidden_temple, serial_park_tiny_2
D:4:      layout_rooms, lemuel_old_faithful
D:5:      layout_loops_cross, temple_doors_e, serial_shops, nicolae_shop_trees,
          uniq_ijyb, uniq_edmund
D:6:      layout_basic, st_stairs_7
D:7:      layout_cave_pools, st_stairs_8
Temple:   regret_index_temple_chain_breaker

Skill      XL: |  1  2  3  4  5  6  7  8 |
---------------+-------------------------+-----
Fire Magic     | 3 4 5 6 |  6.6
Conjurations   | 2 3 4 5 6 |  6.6
Spellcasting   | 3 4 5 6 |  6.4
Dodging        | |  1.7
Stealth        | |  1.7

Action                   |  1- 3 |  4- 6 |  7- 9 || total
-------------------------+-------+-------+-------++-------
Melee: Unarmed           |    29 |       |       ||    29
       Dagger            |    21 |    39 |    16 ||    76
       Headbutt          |       |     2 |     3 ||     5
       Staff             |       |       |     1 ||     1
 Cast: Foxfire           |    71 |   178 |    76 ||   325
       Scorch            |       |     4 |    24 ||    28
  Use: Potion            |       |     2 |       ||     2
       Scroll            |       |       |    10 ||    10
 Stab: Paralysed         |    13 |     9 |     5 ||    27
       Sleeping          |     1 |     1 |     1 ||     3
Armor: Robe              |     7 |     3 |     2 ||    12
       Skin              |       |     4 |       ||     4
Dodge: Dodged            |    35 |    26 |    22 ||    83

Table legend: (Time is in decaauts)
 A = Elapsed time spent in this place.
 B = Non-inter-level travel time spent in this place.
 C = Inter-level travel time spent in this place.
 D = Time resting spent in this place.
 E = Time spent auto-exploring this place.
 F = Levels seen in this place.
 G = Mean time per level.
                   A        B        C        D        E       F      G
               +--------+--------+--------+--------+--------+-----+--------+
         Total |   7748 |   7410 |    338 |     67 |   6281 |   8 |  968.5 |
       Dungeon |   7668 |   7357 |    311 |     67 |   6236 |   7 | 1095.4 |
        Temple |     80 |     53 |     27 |      0 |     45 |   1 |   80.0 |
               +--------+--------+--------+--------+--------+-----+--------+

Top non-repeatable levels by time:
     D:2: 1799 daAuts
     D:1: 1512 daAuts
     D:3: 1295 daAuts
     D:5: 1261 daAuts
     D:4: 960 daAuts
     D:7: 557 daAuts
     D:6: 281 daAuts
  Temple: 80 daAuts
